 Dungeon Crawl Stone Soup version 0.21-a0-104-g7b58145 (webtiles) character file.

19533 Duffy the Cruncher (level 13, -2/106 HPs)
             Began as a Formicid Fighter on July 6, 2017.
             Was a Priest of Qazlal.
             Slain by a thrashing horror (4 damage)
             ... on level 2 of the Abyss.
             The game lasted 00:14:00 (13851 turns).

Duffy the Cruncher (Formicid Fighter)              Turns: 13851, Time: 00:14:00

Health: -2/106     AC: 19    Str: 24    XL:     13   Next: 5%
Magic:  0/16       EV:  7    Int:  8    God:    Qazlal [***...]
Gold:   469        SH: 16    Dex: 10    Spells: 12/12 levels left

rFire    + . .     SeeInvis +   a - +1 quarterstaff
rCold    x . .     Gourm    .   c - +0 shield
rNeg     . . .     Faith    .   L - +0 plate armour
rPois    .         Spirit   +   (helmet unavailable)
rElec    .         Reflect  .   (no cloak)
rCorr    .         Harm     .   i - +0 pair of gloves
MR       +....                  (no boots)
Stlth    ..........             S - amulet of guardian spirit
HPRegen  0.00/turn              U - ring of fire
MPRegen  0.15/turn              K - +3 ring of protection

@: non-regenerating, diseased
A: permanent stasis, dig shafts and tunnels, four strong arms, antennae 3,
hooves 1, camouflage 1, low mp 1, weak 1, wild magic 1
a: Dig, Shaft Self, Upheaval, Elemental Force, Renounce Religion


You were on level 2 of the Abyss.
You worshipped Qazlal.
Qazlal was most pleased with you.
You were very hungry.

You visited 3 branches of the dungeon, and saw 14 of its levels.
You visited the Abyss 1 time.
You also visited: Volcano.

You collected 877 gold pieces.
You spent 408 gold pieces at shops.

Inventory:

Hand Weapons
 a - a +1 quarterstaff (weapon)
Armour
 c - a +0 shield (worn)
 i - a +0 pair of gloves (worn)
 L - a +0 plate armour (worn)
Jewellery
 g - an uncursed ring of positive energy
 K - a +3 ring of protection (right hand)
 M - an uncursed ring of protection from cold
 O - an uncursed ring of protection from cold
 Q - an uncursed ring of resist corrosion
 S - an amulet of guardian spirit (around neck)
 T - an uncursed ring of magical power
 U - a ring of fire (left hand)
Wands
 m - a wand of paralysis (6/24)
 w - a wand of digging (11/24)
 A - a wand of random effects (9/48)
 C - a wand of iceblast (0/15)
 G - a wand of polymorph (15/24)
 I - a wand of flame (23/48)
 J - a wand of digging (1/24)
 P - a wand of paralysis (11/24)
Scrolls
 b - 2 scrolls of recharging
 h - 7 scrolls of teleportation
 j - 2 scrolls of magic mapping
 o - 6 scrolls of remove curse
 r - 8 scrolls of identify
 u - 3 scrolls of amnesia
 y - 3 scrolls of enchant weapon
 R - a scroll of immolation
Potions
 d - a potion of might
 e - a potion of invisibility {unknown}
 k - a potion of mutation {unknown}
 l - 4 potions of heal wounds
 n - 3 potions of brilliance {unknown}
 q - 2 potions of flight
 s - 7 potions of curing
 v - a potion of cancellation
 x - 2 potions of agility
 z - 2 potions of berserk rage {unknown}
 B - a potion of ambrosia
 D - 2 potions of magic {unknown}
 E - a potion of resistance {unknown}
 H - a potion of haste {unknown}
 N - 2 potions of lignification
Miscellaneous
 W - a phial of floods
Comestibles
 f - 9 bread rations
 p - 4 fruits
 t - 3 meat rations
 F - 8 royal jellies


   Skills:
 + Level 11.4 Fighting
 + Level 12.0 Staves
 + Level 11.4 Armour
 - Level 9.0 Shields
 + Level 7.1 Invocations


You had 12 spell levels left.
You didn't know any spells.

Dungeon Overview and Level Annotations

Branches:
Dungeon (12/15)            Temple (1/1) D:6            Lair (1/6) D:11
    Orc (0/2) D:12

Altars:
Ashenzari
Cheibriados
Dithmenos
Elyvilon
Fedhas
Gozag
Hepliaklqana
Kikubaaqudgha
Makhleb
Nemelex Xobeh
Okawaru
Qazlal
Ru
Sif Muna
Trog
Uskayaw
Vehumet
Wu Jian
Xom
Yredelemnul
Zin
The Shining One

Shops:
D:10 !   D:12 ([

Portals:
Trove: D:12 (give 2 scrolls of acquirement)


Innate Abilities, Weirdness & Mutations

You cannot be hasted, slowed, berserked, paralysed or teleported.
You can dig through walls and to a lower floor.
Your four strong arms can wield two-handed weapons with a shield.
You have a pair of large antennae on your head. (SInv)
You have large cloven feet.
Your skin changes colour to match your surroundings (Stealth+).
Your magical capacity is low. (-10% MP)
You are weak. (Str -2)
Your spells are a little harder to cast, but a little more powerful.


Message History

The worldbinder calls forth creatures from the Snake Pit!
You block the ancient zyme's attack. The ancient zyme closely misses you.
You feel ill.
The naga looks sick. x2
You barely miss the ancient zyme. You kick the ancient zyme.
The ancient zyme is lightly damaged.
You block the thrashing horror's attack. x2
You block the ancient zyme's attack. The ancient zyme closely misses you.
You sock the ancient zyme!
You kick the ancient zyme, but do no damage.
The ancient zyme is lightly damaged.
The thrashing horror tramples you.
You stumble backwards!
The ancient zyme hits you! You block the ancient zyme's attack.
There are no items here.
You block the thrashing horror's attack. x2
The thrashing horror tramples you.
You hold your ground!
The thrashing horror barely misses you.
The ancient zyme hits you but does no damage.
You block the ancient zyme's attack. The thrashing horror tramples you!
You hold your ground!
The thrashing horror tramples you.
You die...

. 0 0 . .. ## .
. . . ~ #..###
#. . ..N.# { #
#..#######.##.#
.##N$X0..#....#
.
{##.#x@..'.\.#
.# . #
#%.0x##....# #
####..###### .
# ..##.# . .
#0...... .# . #
### # ...# . #.
. #..# . . ...
# # . .##


You could see an ancient zyme, a thrashing horror, a worldbinder and 2 nagas.

Vanquished Creatures
  A green death (Abyss:2)
  5 two-headed ogres
  3 wizards (Volcano)
  2 unseen horrors (D:12)
  The ghost of sergedm the Thaumaturge, a novice DECj of Vehumet (D:7)
  2 ugly things (D:11)
  A manticore (D:11)
  A cyclops (D:11)
  2 toenail golems (Volcano)
  Joseph (D:7)
  Psyche (D:9)
  2 kobold demonologists (D:12)
  A troll (D:10)
  A hornet (D:7)
  Grinder (D:3)
  3 hippogriffs
  A wraith (D:11)
  13 yaks
  A ynoxinul (Abyss:2)
  3 hogs (D:7)
  A human (D:7)
  A water moccasin (Lair:1)
  5 orc warriors
  4 ice beasts
  6 ogres
  2 sky beasts
  2 phantoms
  A small abomination (Abyss:2)
  2 centaurs
  A crocodile (D:11)
  A big kobold (D:12)
  6 bullfrogs
  A wyvern zombie (D:10)
  2 scorpions
  3 killer bees (D:12)
  8 wights
  A howler monkey (D:11)
  8 crimson imps
  A bullfrog zombie (D:10)
  A quasit (D:10)
  3 centaur zombies
  10 hounds
  5 orc wizards
  2 bullfrog skeletons
  2 jellies
  7 orc priests
  A centaur skeleton (D:6)
  Ijyb (D:4)
  Natasha (twice) (D:2)
  2 iguanas
  10 worker ants
  2 hound zombies
  A hound skeleton (D:5)
  9 adders
  10 gnolls
  4 shadow imps
  An ooze (D:1)
  3 adder skeletons
  4 worms (D:2)
  3 dart slugs
  6 leopard geckos
  35 orcs
  5 bats
  2 giant cockroaches (D:1)
  11 goblins
  7 hobgoblins
  11 jackals
  13 kobolds
  5 quokkas
  A ball python (D:4)
  2 frilled lizards
  A leopard gecko zombie (D:6)
  A quokka skeleton (D:5)
  6 rats
291 creatures vanquished.

Vanquished Creatures (others)
  A wizard (Volcano)
1 creature vanquished.

Grand Total: 292 creatures vanquished

Notes
Turn   | Place    | Note
-------+----------+-------------------------------------------
     0 | D:1      | Duffy the Formicid Fighter began the quest for the Orb.
     0 | D:1      | Reached XP level 1. HP: 18/18 MP: 1/1
    72 | D:1      | Reached XP level 2. HP: 12/24 MP: 2/2
   299 | D:1      | Reached XP level 3. HP: 29/29 MP: 3/3
   915 | D:2      | Reached skill level 3 in Staves
   944 | D:2      | Found a glowing golden altar of the Shining One.
   966 | D:2      | Noticed Natasha
   982 | D:2      | Killed Natasha
   982 | D:2      | Reached XP level 4. HP: 26/35 MP: 4/4
  1279 | D:2      | Reached skill level 5 in Shields
  1550 | D:2      | Found a burning altar of Makhleb.
  1645 | D:2      | Reached XP level 5. HP: 41/41 MP: 5/5
  1674 | D:2      | Reached skill level 4 in Staves
  1800 | D:2      | Found a snail-covered altar of Cheibriados.
  2127 | D:2      | Noticed Natasha
  2132 | D:2      | Killed Natasha
  2300 | D:3      | Reached XP level 6. HP: 47/47 MP: 6/6
  2817 | D:3      | Noticed Grinder
  2830 | D:3      | You fall through a shaft for 2 floors!
  2830 | D:5      | Entered Level 5 of the Dungeon
  2959 | D:5      | Noticed an ice beast
  2968 | D:5      | Killed an ice beast
  2968 | D:5      | Reached skill level 5 in Staves
  2968 | D:5      | Reached XP level 7. HP: 52/52 MP: 7/7
  3209 | D:4      | Found an iron altar of Okawaru.
  3259 | D:4      | Found a blossoming altar of Fedhas.
  3728 | D:3      | Killed Grinder
  3728 | D:3      | Reached skill level 6 in Staves
  3728 | D:3      | Reached XP level 8. HP: 51/58 MP: 8/8
  4000 | D:4      | Found an ornate altar of the Wu Jian Council.
  4140 | D:4      | Noticed Ijyb
  4147 | D:4      | Killed Ijyb
  4622 | D:5      | Reached skill level 7 in Staves
  5172 | D:6      | Found a staircase to the Ecumenical Temple.
  5235 | Temple   | Entered the Ecumenical Temple
  5520 | D:6      | Reached XP level 9. HP: 63/65 MP: 9/9
  5979 | D:6      | Reached skill level 5 in Fighting
  5979 | D:6      | Reached skill level 5 in Armour
  5983 | D:6      | Gained mutation: You have large cloven feet. [mutagenic meat]
  5984 | D:6      | Gained mutation: You are dopey. (Int -2) [mutagenic meat]
  5985 | D:6      | Gained mutation: Your magical capacity is low. (-10% MP) [mutagenic meat]
  5986 | D:6      | Gained mutation: Your skin changes colour to match your surroundings (Stealth+). [mutagenic meat]
  5987 | D:6      | Lost mutation: You are dopey. (Int -2) [mutagenic meat]
  5988 | D:6      | Gained mutation: Your spells are a little harder to cast, but a little more powerful. [mutagenic meat]
  6388 | D:7      | Noticed a hippogriff
  6401 | D:7      | Killed a hippogriff
  6401 | D:7      | Reached skill level 8 in Staves
  6413 | D:7      | Noticed sergedm's ghost (novice DECj)
  6429 | D:7      | Killed sergedm's ghost
  6471 | D:7      | Noticed Joseph
  6494 | D:7      | Killed Joseph
  6494 | D:7      | Reached XP level 10. HP: 75/77 MP: 9/9
  6579 | D:7      | Found a stormy altar of Qazlal.
  6630 | D:7      | Became a worshipper of Qazlal Stormbringer
  6980 | D:7      | Reached skill level 9 in Staves
  7239 | D:7      | Found a hide-covered altar of Uskayaw.
  7854 | D:8      | Found a bloodstained altar of Trog.
  7861 | D:8      | Found an ancient bone altar of Kikubaaqudgha.
  8118 | D:8      | Reached * piety under Qazlal
  8465 | D:9      | Noticed Psyche
  8474 | D:9      | Killed Psyche
  8592 | D:9      | Found a bloodstained altar of Trog.
  9123 | D:10     | Entered Level 10 of the Dungeon
  9365 | D:10     | Reached XP level 11. HP: 87/87 MP: 9/9
  9416 | D:10     | Reached skill level 10 in Staves
  9755 | D:10     | Found Yliara's Distillery.
  9779 | D:10     | Found a burning altar of Makhleb.
  9942 | D:10     | Bought a potion of curing for 36 gold pieces
  9942 | D:10     | Bought a potion of agility for 48 gold pieces
  9942 | D:10     | Bought a potion of heal wounds for 60 gold pieces
  9942 | D:10     | Bought a potion of cancellation for 96 gold pieces
  9942 | D:10     | Bought a potion of flight for 36 gold pieces
  9942 | D:10     | Bought a potion of lignification for 36 gold pieces
  9942 | D:10     | Bought a potion of ambrosia for 96 gold pieces
 10009 | D:11     | Reached ** piety under Qazlal
 10026 | D:11     | Noticed a cyan ugly thing
 10051 | D:11     | Killed a cyan ugly thing
 10067 | D:11     | Gained mutation: You are weak. (Str -2) [mutagenic meat]
 10408 | D:11     | Noticed a two-headed ogre
 10445 | D:11     | Killed a two-headed ogre
 10445 | D:11     | Reached skill level 1 in Invocations
 10760 | D:11     | Noticed a manticore
 10769 | D:11     | Killed a manticore
 10895 | D:11     | Noticed a two-headed ogre
 10904 | D:11     | Killed a two-headed ogre
 11045 | D:11     | Reached skill level 10 in Fighting
 11056 | D:11     | Reached skill level 11 in Staves
 11056 | D:11     | Reached skill level 10 in Armour
 11147 | D:11     | Noticed a cyan ugly thing
 11165 | D:11     | Killed a cyan ugly thing
 11341 | D:11     | Noticed a cyclops
 11356 | D:11     | Killed a cyclops
 11356 | D:11     | Reached XP level 12. HP: 77/97 MP: 11/13
 11528 | D:11     | Noticed a two-headed ogre
 11538 | D:11     | Killed a two-headed ogre
 11716 | D:11     | Found a staircase to the Lair.
 11937 | D:12     | Noticed a two-headed ogre
 11973 | D:12     | Killed a two-headed ogre
 12300 | D:12     | Reached *** piety under Qazlal
 12305 | D:12     | Found Diuwowni's Armour Shop.
 12305 | D:12     | Found a staircase to the Orcish Mines.
 12305 | D:12     | Found Hejavo's Weapon Shop.
 12310 | D:12     | Reached skill level 5 in Invocations
 12777 | D:12     | Noticed an unseen horror
 12802 | D:12     | Killed an unseen horror
 12968 | D:12     | Found a portal to a secret trove of treasure.
 13168 | D:12     | Noticed an unseen horror
 13174 | D:12     | Killed an unseen horror
 13249 | D:11     | Noticed a two-headed ogre
 13262 | D:11     | Killed a two-headed ogre
 13275 | Lair:1   | Entered Level 1 of the Lair of Beasts
 13337 | Lair:1   | Found a dark tunnel.
 13343 | Volcano  | Entered a volcano
 13365 | Volcano  | Noticed a wizard
 13375 | Volcano  | Killed a wizard
 13417 | Volcano  | Noticed a wizard
 13424 | Volcano  | Killed a wizard
 13565 | Volcano  | Killed a wizard
 13677 | Volcano  | Cast into level 2 of the Abyss (a wizard)
 13702 | Abyss:2  | Noticed a green death
 13717 | Abyss:2  | Killed a green death
 13717 | Abyss:2  | Reached skill level 12 in Staves
 13717 | Abyss:2  | Reached XP level 13. HP: 39/106 MP: 7/16
 13851 | Abyss:2  | HP: 2/106 [thrashing horror (5)]
 13851 | Abyss:2  | Slain by a thrashing horror

Vault maps used:
D:1:      dpeg_arrival_concentric_ovals, minivault_25
D:2:      makhleb_grotto_becter, kennysheep_slug_shrine,
          nicolae_tso_carved_into_rock, uniq_natasha
D:3:      uniq_grinder
D:4:      lemuel_coloured_pillars_altar, okawaru_altar_gauntlet_db,
          fedhas_altar_4, uniq_ijyb
D:5:      first_bread
D:6:      lemuel_temple_firewalk_b
D:7:      nicolae_qazlal_style_of_elements, kennysheep_little_box,
          grunt_livestock, uniq_joseph
D:8:      overflow_temple_1_default, basic_altar
D:9:      trog_three_pillars_becter, uniq_psyche
D:10:     basic_altar, serial_shops, shop
D:11:     lair_entry_dummy, st_stairs_5, nrook_mini_vaults
D:12:     orc_david_3, nicolae_trove_entry_crossroad
Temple:   regret_index_temple_generic_petals
Lair:1:   nicolae_volcano_entry_lava_flow
Abyss:2:  minivault_25_ag
Volcano:  volcano_bunker

Skill      XL: |  1  2  3  4  5  6  7  8  9 10 11 12 |
---------------+-------------------------------------+-----
Shields        | 4 5 6 8 9 |  9.0
Staves         | 3 4 5 6 7 8 9 11 12 | 12.0
Fighting       | 4 6 8 10 11 | 11.4
Armour         | 4 6 8 10 11 | 11.4
Invocations    | 3 7 |  7.1

Action                   |  1- 3 |  4- 6 |  7- 9 | 10-12 | 13-15 || total
-------------------------+-------+-------+-------+-------+-------++-------
Melee: Quarterstaff      |    98 |   215 |   341 |   757 |    15 ||  1426
       Unarmed           |       |       |    11 |       |       ||    11
       Kick              |       |       |    14 |   256 |     7 ||   277
 Abil: Dig               |       |     1 |     9 |     7 |       ||    17
       Shaft Self        |       |     1 |       |       |       ||     1
Evoke: Wand              |       |     7 |       |     7 |       ||    14
  Use: Scroll            |       |       |       |    10 |       ||    10
       Potion            |       |       |       |     1 |       ||     1
 Stab: Paralysed         |       |       |       |     4 |       ||     4
  Eat: Chunk             |       |     7 |    19 |    25 |       ||    51
Armor: Scale mail        |    28 |       |       |       |       ||    28
       Chain mail        |     8 |    73 |    84 |       |       ||   165
       Skin              |       |       |     1 |       |       ||     1
       Plate armour      |       |       |    30 |   199 |    11 ||   240
Dodge: Dodged            |    33 |    38 |    78 |   110 |     6 ||   265
Block: Shield            |    44 |    83 |   172 |   392 |    24 ||   715
